 Seeded DCSS version 0.29.1-15-g9cfb28693d (webtiles) character file.

Game seed: 121795209330471945 (custom seed)

109 Mickster the Trooper (level 4, -6/38 HPs)
             Began as a Demigod Fighter on Mar 4, 2023.
             Mangled by Edmund
             ... wielding a +2 dire flail of holy wrath
              (10 damage)
             ... on level 4 of the Dungeon.
             The game lasted 00:27:47 (2493 turns).

Mickster the Trooper (Demigod Fighter)              Turns: 2493, Time: 00:27:48

Health: -6/38      AC:  8    Str: 20    XL:     4   Next: 35%
Magic:  6/6        EV:  9    Int:  9    God:
Gold:   194        SH:  5    Dex: 17    Spells: 3/3 levels left

rFire   . . .      SeeInvis .   a - +0 war axe
rCold   . . .      Faith    .   c - +0 buckler
rNeg    . . .      Spirit   .   b - +0 scale mail
rPois   .          Reflect  .   (no helmet)
rElec   .          Harm     .   (no cloak)
rCorr   .          Rampage  .   (no gloves)
Will    .....                   (no boots)
Stlth   ..........              (no amulet)
HPRegen 0.12/turn               g - ring of flight
MPRegen 0.10/turn               (no ring)

@: mighty, flying
A: high MP 1, forlorn, divine attributes, iridescent scales 1, agile 1
a: no special abilities


You were on level 4 of the Dungeon.
You visited 1 branch of the dungeon, and saw 4 of its levels.

You collected 194 gold pieces.

Inventory:

Hand Weapons
 a - a +0 war axe (weapon)
 e - a +0 long sword
 i - a +0 mace
Missiles
 h - 26 stones
 j - 2 boomerangs (quivered)
Armour
 b - a +0 scale mail (worn)
 c - a +0 buckler (worn)
Jewellery
 g - a ring of flight (left hand)
Scrolls
 f - 3 scrolls of identify
 l - a scroll of immolation {unknown}
 m - a scroll of magic mapping {unknown}
Potions
 k - a potion of curing


   Skills:
 + Level 3.3 Fighting
 * Level 3.2 Axes
 + Level 0.1 Throwing
 + Level 3.0 Armour
 + Level 0.3 Dodging
 + Level 3.1 Shields


You had 3 spell levels left.
You didn't know any spells.
Your spell library contained the following spells:

 Spells                   Type           Power      Damage    Failure   Level
 Beastly Appendage        Tmut           0%         N/A       83%         1
 Magic Dart               Conj           0%         1d3       83%         1
 Call Imp                 Summ           0%         N/A       93%         2
 Wereblood                Tmut           0%         N/A       93%         2
 Mephitic Cloud           Conj/Pois/Air  0%         N/A       99%         3
 Spider Form              Tmut/Pois      0%         N/A       99%         3


Dungeon Overview and Level Annotations

Branches:
Dungeon (4/15)
 Temple: D:4-7

Annotations:
D:4 Edmund


Innate Abilities, Weirdness & Mutations

You have an increased reservoir of magic. (+10% MP)
You shall have no god before yourself.
Your divine heritage dramatically boosts your attributes as you level up.
You are partially covered in iridescent scales. (AC +2)
You are agile. (Dex +4, Str/Int -1)


Message History

Found a scroll labelled VOATEA GUSCHALEM.
There is an open door here.
m - a scroll labelled VOATEA GUSCHALEM
There is an open door here.
Found an escape hatch in the floor.
There is an escape hatch in the floor here.
Found a robe.
You reach down and open the door.
Edmund the Younger comes into view.
He is wielding a +2 dire flail of holy wrath.
Edmund shouts!
You hear a shout!
A hobgoblin comes into view.
Throw: 2 boomerangs
Press: ? - help, Q - select action, (/) - cycle Shift-Dir - straight line, f - Edmund
Aim: Edmund, wielding a +2 dire flail of holy wrath and wearing a +0 leather armour (60% to hit)
You throw a boomerang. The boomerang hits Edmund.
Edmund is lightly wounded.
Edmund grinds his teeth, and then sighs.
Edmund closely misses you.
You hit Edmund.
Edmund is lightly wounded.
Edmund hits you with a +2 dire flail of holy wrath!
You hit Edmund.
Edmund is moderately wounded.
Edmund hits you with a +2 dire flail of holy wrath!
Edmund hits you with a +2 dire flail of holy wrath.
* * * LOW HITPOINT WARNING * * *
You hit Edmund.
Edmund is moderately wounded.
Edmund closely misses you.
You barely miss Edmund.
Edmund is moderately wounded.
Edmund says, "People think my brother is the best.
I think he's crazy."
You block Edmund's attack.
You feel better.
Edmund hits you with a +2 dire flail of holy wrath!
* * * LOW HITPOINT WARNING * * *
Unknown command.
You feel very mighty all of a sudden.
Edmund hits you with a +2 dire flail of holy wrath!
You die...

# ##...## #
##.....## #.# #
###.......## ##.##.
##.........# #...#.
.'.........+. ^...
. ##.........#.
...# #.#
###.......##. #g.
.. #
##.....###.###@##.#
# ##...##
#....@...# # ##'##
#..##.#### #.#
#..##.# # #.#
#.....# # ##.##
##.####
#####...#####.#
...........##.#
#..##...##.##.#
#..###.###.##.#


You could see Edmund and a hobgoblin.

Vanquished Creatures
  3 adders
  2 worms
  A dart slug (D:2)
  8 orcs (D:3)
  4 bats
  7 endoplasms
  5 giant cockroaches
  2 goblins (D:2)
  6 hobgoblins
  3 jackals (D:1)
  6 kobolds
  2 quokkas (D:1)
  3 ball pythons
  3 frilled lizards
  6 rats
61 creatures vanquished.

Notes
Turn   | Place    | Note
-------+----------+-------------------------------------------
     0 | D:1      | Mickster the Demigod Fighter began the quest for the Orb.
     0 | D:1      | Reached XP level 1. HP: 18/18 MP: 3/3
   311 | D:1      | Reached XP level 2. HP: 26/26 MP: 4/4
   807 | D:2      | Reached XP level 3. HP: 21/31 MP: 5/5
  1597 | D:3      | Reached XP level 4. HP: 33/38 MP: 6/6
  1629 | D:3      | Gained mutation: You are partially covered in iridescent
                  | scales. (AC +2) [potion of mutation]
  1629 | D:3      | Gained mutation: You are agile. (Dex +4, Str/Int -1)
                  | [potion of mutation]
  2484 | D:4      | Noticed Edmund
  2493 | D:4      | Mangled by Edmund

Illustrated notes

Levels and vault maps discovered:
D:1:      kennysheep_arrival_forest, layout_basic,
          chequers_ecumenical_altar_simple
D:2:      layout_loops_ring
D:3:      layout_rooms, ashenzari_altar_1
D:4:      layout_loops_corners, uniq_edmund

Skill      XL: |  1  2  3  4 |
---------------+-------------+-----
Fighting       | 3 |  3.3
Axes           | 2 3 |  3.2
Shields        | 3 |  3.1
Armour         | 3 |  3.0
Throwing       | |  0.1
Dodging        | |  0.3

Action                   |  1- 3 |  4- 6 || total
-------------------------+-------+-------++-------
Melee: War axe           |   143 |    47 ||   190
Throw: Boomerang         |     1 |     6 ||     7
  Use: Potion            |     3 |     6 ||     9
       Scroll            |     2 |     1 ||     3
 Stab: Invisible         |       |     5 ||     5
Armor: Scale mail        |   101 |    10 ||   111
Dodge: Dodged            |    87 |    23 ||   110
Block: Buckler           |    46 |    11 ||    57
